[Event "DLM Youth 2024"]
[Site "Tuebingen"]
[Date "2024.10.04"]
[Round "3"]
[White "Kateryniuk, Ivan"]
[Black "Glowiak, Alexandra"]
[Result "0-1"]
[ECO "C45"]
[WhiteElo "1860"]
[BlackElo "1839"]
[Annotator "NA RC"]
[PlyCount "116"]
[EventDate "2024.10.03"]
[EventType "team-swiss"]
[EventRounds "7"]
[EventCountry "GER"]
[SourceTitle "playchess.com"]
[Source "ChessBase"]
[SourceQuality "1"]
[TimeControl "40/5400+30:1800+30"]

1. e4 e5 2. Nf3 Nc6 3. d4 exd4 4. Nxd4 Bc5 5. Be3 Qf6 6. c3 Nge7 7. Bc4 O-O 8. O-O Qg6 9. Nd2 Bxd4 10. cxd4 d5 11. exd5 Na5 12. Qe2 Nxc4 13. Nxc4 Nxd5 14. Rac1 Re8 15. Qf3 c6 16. Ne5 Qf5 17. Qg3 f6 18. Nc4 Qg4 19. Nd6 Qxg3 20. hxg3 Nxe3 21. Nxe8 Nxf1 22. Kxf1 Bf5 23. Nd6 Bd3+ 24. Ke1 Ba6 25. Nf5 Rd8 26. Rd1 Kf7 27. Rd2 g6 28. Ne3 h5 29. Kd1 f5 30. Kc2 Kf6 31. Kc3 g5 32. f4 Re8 33. Nc2 Re4 34. Rf2 Be2 35. a3 Bd1 36. fxg5+ Kxg5 37. Kd3 Bxc2+ 38. Rxc2 Rg4 39. Kc4 Rxg3 40. Kc5 Rd3 41. Re2 f4 42. Re7 Rb3 43. a4 Rxb2 44. a5 Rb5+ 45. Kd6 Rd5+ 46. Kc7 Kf6 47. Re5 Rxd4 48. Rxh5 Rd5 49. Rh8 Rxa5 50. Kxb7 c5 51. Rf8+ Ke5 52. Re8+ Kd4 53. Rf8 Ke3 54. Re8+ Kf2 55. Rf8 Ra4 56. g4 f3 57. g5 Kg2 58. g6 Rg4 0-1

[Event "DLM Youth 2024"]
[Site "Tuebingen"]
[Date "2024.10.04"]
[Round "3"]
[White "Wartenberg, Alexander"]
[Black "Li, Yunqi"]
[Result "1-0"]
[ECO "C12"]
[WhiteElo "1857"]
[BlackElo "2004"]
[Annotator "NA RC"]
[PlyCount "89"]
[EventDate "2024.10.03"]
[EventType "team-swiss"]
[EventRounds "7"]
[EventCountry "GER"]
[SourceTitle "playchess.com"]
[Source "ChessBase"]
[SourceQuality "1"]
[TimeControl "40/5400+30:1800+30"]

1. e4 e6 2. d4 d5 3. Nc3 Nf6 4. Bg5 Bb4 5. e5 h6 6. Bd2 Bxc3 7. bxc3 Ne4 8. Qg4 g6 9. h4 c5 10. h5 g5 11. Bd3 Nxd2 12. Kxd2 c4 13. Bg6 Rg8 14. Nh3 $19 fxg6 15. hxg6 Kd7 16. f4 Kc7 17. Qh5 gxf4 18. Qxh6 Nc6 19. Raf1 Ne7 20. Nxf4 Qe8 21. Qh7 Bd7 22. g7 Nf5 23. Nh5 Qe7 24. Rxf5 exf5 25. Nf6 Be6 26. Nxg8 Rxg8 27. Qh4 Kd7 28. Qxe7+ Kxe7 29. Ke3 Rxg7 30. Kf3 Bd7 31. g3 b6 32. Rh6 Ba4 33. Rh2 Kf7 34. Kf4 Kg6 35. e6 Kf6 36. Rh6+ Ke7 37. Ke5 Rxg3 38. Rh7+ Kf8 39. Kxd5 f4 40. Rf7+ Ke8 41. Kd6 Bb5 42. Rxa7 Kf8 43. Rf7+ Ke8 44. Rxf4 Rxc3 45. e7 1-0

[Event "DLM Youth 2024"]
[Site "Tuebingen"]
[Date "2024.10.04"]
[Round "3"]
[White "Meitzner, Jonathan Franz"]
[Black "Wilmink, Anna"]
[Result "1/2-1/2"]
[ECO "C04"]
[WhiteElo "1845"]
[BlackElo "1927"]
[Annotator "RC"]
[PlyCount "101"]
[EventDate "2024.10.03"]
[EventType "team-swiss"]
[EventRounds "7"]
[EventCountry "GER"]
[SourceTitle "playchess.com"]
[Source "ChessBase"]
[SourceQuality "1"]
[TimeControl "40/5400+30:1800+30"]

1. e4 e6 2. d4 d5 3. Nd2 Nc6 4. c3 e5 5. exd5 Qxd5 6. Qe2 Be6 7. dxe5 Qxe5 8. Ngf3 Qf5 9. Qb5 O-O-O 10. Be2 Nf6 11. Nb3 Qxb5 12. Bxb5 Bd5 13. Be2 Bd6 14. h3 Rhe8 15. Be3 a6 16. O-O-O Be4 17. Rhg1 Nd5 18. Bd2 Nf4 19. Bf1 Bd3 20. Re1 Rxe1+ 21. Nxe1 Bxf1 22. Rxf1 Re8 23. Be3 Nd5 24. Bd2 Bf4 25. Nd3 Ne5 26. Nbc5 Bxd2+ 27. Kxd2 Nc4+ 28. Kc1 a5 29. Re1 Rxe1+ 30. Nxe1 b6 31. Ne4 f5 32. Ng5 h6 33. Ne6 g6 34. h4 Ne5 35. g3 Kd7 36. Nd4 c5 37. Ne2 g5 38. hxg5 hxg5 39. f4 gxf4 40. gxf4 Ng6 41. Ng2 b5 42. Kc2 Kd6 43. b3 b4 44. c4 Nf6 45. Ng3 Ke6 46. Kd3 Ng4 47. Ke2 Nf6 48. Kf3 Ne8 49. Nh5 Nd6 50. Ng3 Ne8 51. Ke3 1/2-1/2

[Event "DLM Youth 2024"]
[Site "Tuebingen"]
[Date "2024.10.04"]
[Round "3"]
[White "Schwarzfischer, Julia"]
[Black "Fischermann, Simon"]
[Result "0-1"]
[ECO "C54"]
[WhiteElo "1788"]
[BlackElo "1873"]
[Annotator "NA RC"]
[PlyCount "86"]
[EventDate "2024.10.03"]
[EventType "team-swiss"]
[EventRounds "7"]
[EventCountry "GER"]
[SourceTitle "playchess.com"]
[Source "ChessBase"]
[SourceQuality "1"]
[TimeControl "40/5400+30:1800+30"]

1. e4 e5 2. Bc4 Nc6 3. Nf3 Nf6 4. d3 a6 5. c3 Bc5 6. a4 d6 7. Bg5 O-O 8. O-O Bg4 9. Nbd2 Qe7 10. h3 Bh5 11. Re1 Nd8 12. Nf1 Ne6 13. Bh4 c6 14. Ng3 Bg6 15. b4 $14 (15. d4 $16 Ba7 16. Nf5 (16. dxe5 dxe5 17. Nf5 Qc5 $16)) 15... Ba7 16. Qc2 Nf4 (16... Qd7 $11) 17. Rad1 Rfe8 18. Qc1 N4h5 19. Ne2 Qd7 20. Kh2 d5 21. exd5 cxd5 22. Bb3 Bb8 23. Ng3 Bc7 24. c4 Rac8 25. Qb2 e4 26. dxe4 Bxe4 27. Ng5 Bxg2 28. Rxe8+ Rxe8 29. Kxg2 Nf4+ 30. Kg1 h6 31. Bc2 hxg5 32. Bf5 Nxh3+ 33. Kf1 Qxa4 34. Ra1 Qc6 35. Bxh3 Qxc4+ 36. Kg1 Qxh4 37. Bg2 Bxg3 38. fxg3 Qxg3 39. Qb1 Ng4 40. Qd1 Qh2+ 41. Kf1 Ne3+ 42. Kf2 Qxg2+ 43. Ke1 Nc2# 0-1

[Event "DLM Youth 2024"]
[Site "Tuebingen"]
[Date "2024.10.04"]
[Round "3"]
[White "Bursan, Ana-Maria"]
[Black "Wartenberg, Alissa"]
[Result "1/2-1/2"]
[ECO "C25"]
[WhiteElo "1769"]
[BlackElo "1813"]
[Annotator "NA RC"]
[PlyCount "57"]
[EventDate "2024.10.03"]
[EventType "team-swiss"]
[EventRounds "7"]
[EventCountry "GER"]
[SourceTitle "playchess.com"]
[Source "ChessBase"]
[SourceQuality "1"]
[TimeControl "40/5400+30:1800+30"]

1. e4 e5 2. Nc3 Nc6 3. f4 exf4 4. Nf3 g5 5. g3 g4 6. Nh4 f3 7. d4 d6 8. Bf4 Be7 9. Nd5 Bxh4 10. gxh4 Qxh4+ 11. Bg3 Qd8 12. Bb5 a6 13. Ba4 $17 b5 14. Bb3 Na5 15. Qd3 Nxb3 16. cxb3 Bb7 17. Ne3 Qe7 18. d5 Nf6 19. Qc3 Qxe4 20. Qxf6 Qxe3+ 21. Kd1 Qd3+ 22. Kc1 Qe3+ 23. Kd1 Qd3+ 24. Kc1 Qe3+ 25. Kd1 Qd3+ 26. Kc1 Qe3+ 27. Kd1 Qe2+ 28. Kc1 Qe3+ 29. Kd1 1/2-1/2

[Event "DLM Youth 2024"]
[Site "Tuebingen"]
[Date "2024.10.04"]
[Round "3"]
[White "Tu, Audrey"]
[Black "Busch, Lara Sophie"]
[Result "1/2-1/2"]
[ECO "C60"]
[WhiteElo "1722"]
[BlackElo "1714"]
[Annotator "NA RC"]
[PlyCount "75"]
[EventDate "2024.10.03"]
[EventType "team-swiss"]
[EventRounds "7"]
[EventCountry "GER"]
[SourceTitle "playchess.com"]
[Source "ChessBase"]
[SourceQuality "1"]
[TimeControl "40/5400+30:1800+30"]

1. e4 e5 2. Nf3 Nc6 3. Bb5 Nge7 4. Bc4 h6 5. d4 exd4 6. Nxd4 Nxd4 7. Qxd4 Nc6 8. Qd5 Qf6 9. O-O d6 10. Bb5 Bd7 11. Re1 Be7 12. Nc3 O-O 13. Qd1 Be6 14. Be3 Qg6 15. Nd5 Bd8 16. Bd3 Ne5 17. Nf4 Qf6 18. Be2 Nc4 19. Bxc4 Bxc4 20. b3 Be6 21. Nxe6 fxe6 22. Qd3 Qg6 23. Rad1 Kh7 24. Bd2 e5 25. Re3 Bg5 26. Rg3 Qf6 27. Rf3 Qe7 28. Bxg5 Qxg5 29. Rg3 Qf4 30. Qe3 Qxe3 31. Rxe3 Rf7 32. f3 g5 33. Kf2 Raf8 34. Rdd3 Kg6 35. h3 h5 36. Rc3 g4 37. h4 c5 38. Rcd3 1/2-1/2

[Event "DLM Youth 2024"]
[Site "Tuebingen"]
[Date "2024.10.04"]
[Round "3"]
[White "Hoffmann, Sophia"]
[Black "Vranckx, Oscar"]
[Result "0-1"]
[ECO "B13"]
[WhiteElo "1718"]
[BlackElo "1933"]
[Annotator "RC"]
[PlyCount "37"]
[EventDate "2024.10.03"]
[EventType "team-swiss"]
[EventRounds "7"]
[EventCountry "GER"]
[SourceTitle "playchess.com"]
[Source "ChessBase"]
[SourceQuality "1"]
[TimeControl "40/5400+30:1800+30"]

1. d4 d5 2. Bf4 c5 3. e3 cxd4 4. exd4 Nc6 5. c3 f6 6. Bd3 e5 7. Qh5+ g6 8. Bxg6+ hxg6 9. Qxh8 exf4 10. Qxg8 Bf5 11. Qh7 Qb6 12. Nf3 Qxb2 13. O-O Qxa1 14. Qxb7 Rc8 15. Qb3 Rb8 16. Re1+ Be7 17. Qxd5 Rxb1 18. Qxc6+ Kf8 19. Qa8+ 0-1

[Event "DLM Youth 2024"]
[Site "Tuebingen"]
[Date "2024.10.04"]
[Round "3"]
[White "Sun, Christopher"]
[Black "Noennig, Jakob"]
[Result "0-1"]
[ECO "C54"]
[WhiteElo "1711"]
[BlackElo "1986"]
[Annotator "RC"]
[PlyCount "72"]
[EventDate "2024.10.03"]
[EventType "team-swiss"]
[EventRounds "7"]
[EventCountry "GER"]
[SourceTitle "playchess.com"]
[Source "ChessBase"]
[SourceQuality "1"]
[TimeControl "40/5400+30:1800+30"]

1. e4 e5 2. Nf3 Nc6 3. Bc4 Bc5 4. c3 Nf6 5. d4 exd4 6. cxd4 Bb4+ 7. Bd2 Nxe4 8. Bxb4 Nxb4 9. Bxf7+ Kxf7 10. Qb3+ d5 11. Qxb4 Rf8 12. O-O Kg8 13. Nc3 Ng5 14. Nxg5 Qxg5 15. Kh1 b6 16. Rae1 Ba6 17. Rg1 Rxf2 18. Qa4 Bb7 19. Qd7 Rf7 20. Re8+ Rxe8 21. Qxe8+ Rf8 22. Qe6+ Kh8 23. Nb5 Qd8 24. Nxa7 Rf6 25. Nc6 Bxc6 26. Qe3 Qe8 27. Qg3 Qf7 28. h3 h6 29. Re1 Rf1+ 30. Rxf1 Qxf1+ 31. Kh2 Qf7 32. Qe5 Qd7 33. Qe2 Bb5 34. Qf2 Qd6+ 35. Kh1 c5 36. a3 Qf6 0-1

[Event "DLM Youth 2024"]
[Site "Tuebingen"]
[Date "2024.10.04"]
[Round "3"]
[White "Andersen, Jonathan"]
[Black "Dohon, Maria-Johanna"]
[Result "1-0"]
[ECO "B56"]
[WhiteElo "1676"]
[BlackElo "1717"]
[Annotator "NA RC"]
[PlyCount "93"]
[EventDate "2024.10.03"]
[EventType "team-swiss"]
[EventRounds "7"]
[EventCountry "GER"]
[SourceTitle "playchess.com"]
[Source "ChessBase"]
[SourceQuality "1"]
[TimeControl "40/5400+30:1800+30"]

1. e4 c5 2. Nf3 d6 3. d4 cxd4 4. Nxd4 Nf6 5. Nc3 Nc6 6. h3 e6 7. Be3 a6 8. a4 Bd7 9. Nb3 Be7 10. g4 Bc8 11. Bg2 Qc7 12. a5 Nd7 13. O-O O-O 14. Na4 Nce5 15. Nb6 Rb8 16. Qe2 Nxb6 17. Bxb6 Qc4 18. Qd2 Bd7 19. f4 Ng6 20. Nd4 Qc8 21. Rf3 e5 22. Rc3 Qe8 23. Ne2 exf4 24. Bc7 Bf6 25. Bxd6 Bxc3 26. Nxc3 Bc6 27. Bxb8 Qxb8 28. Rd1 Qe5 29. b4 h6 30. Qd4 Qxd4+ 31. Rxd4 Ne5 32. Nd5 Ng6 33. Kf2 Re8 34. c4 Kf8 35. Nc3 Ke7 36. b5 axb5 37. cxb5 Bd7 38. Nd5+ Kf8 39. Nc7 Rd8 40. a6 bxa6 41. bxa6 Ke7 42. a7 Bc6 43. Rxd8 Kxd8 44. e5 f3 45. Bxf3 Bxf3 46. Kxf3 Nxe5+ 47. Ke4 1-0

[Event "DLM Youth 2024"]
[Site "Tuebingen"]
[Date "2024.10.04"]
[Round "3"]
[White "Tu, Tiffany"]
[Black "Roessling, Laura Marie"]
[Result "1-0"]
[ECO "C90"]
[WhiteElo "1675"]
[BlackElo "1624"]
[Annotator "NA RC"]
[PlyCount "83"]
[EventDate "2024.10.03"]
[EventType "team-swiss"]
[EventRounds "7"]
[EventCountry "GER"]
[SourceTitle "playchess.com"]
[Source "ChessBase"]
[SourceQuality "1"]
[TimeControl "40/5400+30:1800+30"]

1. e4 e5 2. Nf3 Nc6 3. Bb5 a6 4. Ba4 Nf6 5. d3 b5 6. Bb3 Be7 7. c3 O-O 8. O-O d6 9. Re1 Na5 10. Bc2 c5 11. Nbd2 Nc6 12. Nf1 h6 13. Ng3 Re8 14. a4 Be6 15. h3 Qc7 16. Be3 Rad8 17. Qe2 b4 18. d4 cxd4 19. cxd4 exd4 20. Nxd4 Nxd4 21. Bxd4 Bc4 22. Bd3 Rc8 23. Rac1 d5 24. e5 Nh7 25. e6 Bg5 26. Qc2 Nf6 27. exf7+ Qxf7 28. Bg6 Rxe1+ 29. Rxe1 Qf8 30. Qf5 Bb3 31. Qe6+ Kh8 32. Qxa6 Ra8 33. Qd3 Bxa4 34. Nf5 Be8 35. Ne7 Ne4 36. Bxe8 Qxe8 37. Nxd5 Rd8 38. Rxe4 Qc6 39. Nxb4 Qc1+ 40. Kh2 Qc7+ 41. Be5 Qc5 42. Qg3 1-0

[Event "DLM Youth 2024"]
[Site "Tuebingen"]
[Date "2024.10.04"]
[Round "3"]
[White "Noennig, Lotte"]
[Black "Lu, Sheng"]
[Result "1-0"]
[ECO "C54"]
[WhiteElo "1658"]
[BlackElo "1559"]
[Annotator "NA RC"]
[PlyCount "43"]
[EventDate "2024.10.03"]
[EventType "team-swiss"]
[EventRounds "7"]
[EventCountry "GER"]
[SourceTitle "playchess.com"]
[Source "ChessBase"]
[SourceQuality "1"]
[TimeControl "40/5400+30:1800+30"]

1. e4 e5 2. Nf3 Nc6 3. Bc4 Bc5 4. c3 Nf6 5. d3 O-O 6. Nbd2 d6 7. O-O Ne7 8. Re1 Ng6 9. Nf1 Be6 10. Bb3 Re8 11. Ng3 d5 12. Qe2 Nf4 13. Qc2 Bg4 14. Nxe5 Ng6 15. Nxg6 hxg6 16. Bg5 Qd7 17. Bxf6 gxf6 18. Bxd5 c6 19. Bb3 Re7 20. d4 Bb6 21. e5 Rae8 22. Qxg6+ 1-0

[Event "DLM Youth 2024"]
[Site "Tuebingen"]
[Date "2024.10.04"]
[Round "3"]
[White "Mersmann, Jasmin"]
[Black "Stiehler, Mara"]
[Result "0-1"]
[ECO "B40"]
[WhiteElo "1607"]
[BlackElo "1601"]
[Annotator "NA RC"]
[PlyCount "78"]
[EventDate "2024.10.03"]
[EventType "team-swiss"]
[EventRounds "7"]
[EventCountry "GER"]
[SourceTitle "playchess.com"]
[Source "ChessBase"]
[SourceQuality "1"]
[TimeControl "40/5400+30:1800+30"]

1. e4 e6 2. b3 d5 3. Bb2 c5 4. exd5 exd5 5. Nf3 Nc6 6. Be2 d4 7. d3 Nf6 8. a3 a5 9. Nbd2 Bf5 10. O-O Bd6 11. Nc4 Bc7 12. Re1 O-O 13. c3 b5 14. Ncd2 dxc3 15. Bxc3 Nd5 16. Bb2 Nf4 17. Ne4 Nd4 18. Nxd4 cxd4 19. Bf3 Rc8 20. Bc1 Nd5 21. Bb2 Nf4 22. Bc1 Qh4 23. Bxf4 Qxf4 24. Ng3 Rfe8 25. Rxe8+ Rxe8 26. Qc2 h6 27. Qc6 Re5 28. Rd1 Bxd3 29. h3 Re6 30. Qa8+ Kh7 31. Rxd3 Re1+ 32. Kh2 Qc1 33. Rd1 Rxd1 34. Bxd1 Qxd1 35. Qe4+ g6 36. f4 Qxb3 37. Qxd4 Qa4 38. Qd7 Qxf4 39. Kh1 Kg7 0-1

[Event "DLM Youth 2024"]
[Site "Tuebingen"]
[Date "2024.10.04"]
[Round "3"]
[White "Albrecht, Sidney Jenna"]
[Black "Baklan, Kira"]
[Result "0-1"]
[ECO "A35"]
[WhiteElo "1544"]
[BlackElo "1550"]
[Annotator "NA RC"]
[PlyCount "76"]
[EventDate "2024.10.03"]
[EventType "team-swiss"]
[EventRounds "7"]
[EventCountry "GER"]
[SourceTitle "playchess.com"]
[Source "ChessBase"]
[SourceQuality "1"]
[TimeControl "40/5400+30:1800+30"]

1. c4 c5 2. Nf3 Nc6 3. d4 cxd4 4. Nxd4 g6 5. Nc3 Bg7 6. Be3 Nf6 7. g3 Ng4 8. Nxc6 bxc6 9. Bf4 Qb6 10. Qc2 Qxf2+ 11. Kd2 Qd4+ 12. Qd3 Nf2 13. Qxd4 Bxd4 14. Rg1 Ng4 15. Rh1 e5 16. Bg5 f6 17. h3 Nf2 18. Bxf6 Rf8 19. Bg7 Rf7 20. Bxe5 Bxc3+ 21. Bxc3 Nxh1 22. Be5 d6 23. Bg2 Bb7 24. Bxd6 Rd8 25. Rxh1 Rxd6+ 26. Kc3 c5 27. Bxb7 Rxb7 28. Rf1 Re7 29. Rf2 Re3+ 30. Kc2 Rxg3 31. h4 Rd4 32. b3 Rxh4 33. Kd2 Rd4+ 34. Kc2 h5 35. Rh2 h4 36. Kc1 h3 37. Kc2 Rh4 38. Kd2 Rg2 0-1

[Event "DLM Youth 2024"]
[Site "Tuebingen"]
[Date "2024.10.04"]
[Round "3"]
[White "Margaryan, Mane"]
[Black "Wolf, Helena"]
[Result "0-1"]
[ECO "E30"]
[WhiteElo "1493"]
[BlackElo "1545"]
[Annotator "NA RC"]
[PlyCount "84"]
[EventDate "2024.10.03"]
[EventType "team-swiss"]
[EventRounds "7"]
[EventCountry "GER"]
[SourceTitle "playchess.com"]
[Source "ChessBase"]
[SourceQuality "1"]
[TimeControl "40/5400+30:1800+30"]

1. d4 Nf6 2. c4 e6 3. Nc3 Bb4 4. Bg5 h6 5. Bxf6 Qxf6 6. e4 O-O 7. Nf3 b6 8. Bd3 Bb7 9. O-O Re8 10. Ne2 Qd8 11. a3 Be7 12. b4 d5 13. exd5 exd5 14. c5 a5 15. Rc1 axb4 16. axb4 bxc5 17. bxc5 c6 18. Ne5 Nd7 19. f4 Nxe5 20. fxe5 Ba6 21. Bb1 Bg5 22. Rc3 Qe7 23. Qc2 g6 24. Rff3 Bc8 25. Ng3 Bg4 26. Rf1 Reb8 27. h3 Be6 28. Ne2 Bf5 29. Rxf5 gxf5 30. Qxf5 f6 31. Qg6+ Qg7 32. Qxg7+ Kxg7 33. Bf5 fxe5 34. dxe5 Rf8 35. Ng3 Ra1+ 36. Kh2 Bf4 37. Bg4 Bxe5 38. Re3 Bf4 39. Re7+ Kh8 40. Re6 Ra3 41. Rxc6 Bxg3+ 42. Kg1 Ra1+ 0-1

[Event "DLM Youth 2024"]
[Site "Tuebingen"]
[Date "2024.10.04"]
[Round "3"]
[White "Didas, Emma"]
[Black "Krannich, Eva"]
[Result "0-1"]
[ECO "B22"]
[WhiteElo "1078"]
[BlackElo "1582"]
[Annotator "NA RC"]
[PlyCount "130"]
[EventDate "2024.10.03"]
[EventType "team-swiss"]
[EventRounds "7"]
[EventCountry "GER"]
[SourceTitle "playchess.com"]
[Source "ChessBase"]
[SourceQuality "1"]
[TimeControl "40/5400+30:1800+30"]

1. e4 c5 2. c3 d6 3. d4 Qc7 4. Nf3 g6 5. Be3 Nd7 6. Be2 Bg7 7. O-O Ngf6 8. Nbd2 O-O 9. Bd3 a6 10. a4 b6 11. Rc1 Bb7 12. b4 Rfc8 13. Bf4 h6 14. e5 Bxf3 15. Nxf3 Nh5 16. exd6 exd6 17. Qd2 Nxf4 18. Qxf4 Nf6 19. bxc5 dxc5 20. Qxc7 Rxc7 21. dxc5 Rxc5 22. Rfe1 Nd5 23. Be4 Rac8 24. Bxd5 Rxd5 25. c4 Rdc5 26. Nd2 b5 27. axb5 axb5 28. Re4 bxc4 29. Rexc4 Rxc4 30. Rxc4 Rd8 31. Nf1 Kf8 32. h3 Rd1 33. Rc8+ Ke7 34. Rc7+ Ke6 35. g3 Ra1 36. Kg2 Ra2 37. Kf3 Ra3+ 38. Kg2 Be5 39. Rb7 Ra2 40. Rb3 Bd4 41. Ne3 Re2 42. Kf3 Re1 43. Rd3 Bxe3 44. Rxe3+ Rxe3+ 45. Kxe3 Ke5 46. f4+ Kd5 47. Kd3 f6 48. h4 f5 49. Ke3 Kc4 50. Kf3 Kd3 51. g4 h5 52. Kg3 Ke3 53. gxf5 gxf5 54. Kg2 Kxf4 55. Kf2 Kg4 56. Ke3 f4+ 57. Kf2 Kxh4 58. Kg2 Kg4 59. Kf2 f3 60. Kf1 Kf4 61. Kf2 h4 62. Kf1 Kg3 63. Kg1 f2+ 64. Kf1 h3 65. Ke2 Kg2 0-1

[Event "DLM Youth 2024"]
[Site "Tuebingen"]
[Date "2024.10.04"]
[Round "4"]
[White "Besou, Hussain"]
[Black "Haack, Kevin"]
[Result "1-0"]
[ECO "C13"]
[WhiteElo "2345"]
[BlackElo "2305"]
[Annotator "RC"]
[PlyCount "58"]
[EventDate "2024.10.03"]
[EventType "team-swiss"]
[EventRounds "7"]
[EventCountry "GER"]
[SourceTitle "playchess.com"]
[Source "ChessBase"]
[SourceQuality "1"]
[TimeControl "40/5400+30:1800+30"]

1. e4 e6 2. d4 d5 3. Nc3 Nf6 4. Bg5 dxe4 5. Nxe4 Be7 6. Bxf6 gxf6 7. Nf3 f5 8. Nc3 a6 9. g3 b5 10. Bg2 Bb7 11. O-O O-O 12. Ne5 Bxg2 13. Kxg2 Ra7 14. a4 b4 15. Ne2 Qd5+ 16. Nf3 c5 17. Nf4 Qd6 18. dxc5 Qxc5 19. Qe2 Rc8 20. Rfc1 Bf6 21. Nd3 Qc4 22. Qe3 Rac7 23. Rab1 Nd7 24. b3 Qe4 25. Re1 Qxe3 26. Rxe3 a5 27. Nde1 Nb6 28. Rd1 Nd5 29. Red3 Nc3 1-0

[Event "DLM Youth 2024"]
[Site "Tuebingen"]
[Date "2024.10.04"]
[Round "4"]
[White "Farokhi, Keyvan"]
[Black "Hinrichs, Paul"]
[Result "1/2-1/2"]
[ECO "D02"]
[WhiteElo "2306"]
[BlackElo "2264"]
[Annotator "RC"]
[PlyCount "99"]
[EventDate "2024.10.03"]
[EventType "team-swiss"]
[EventRounds "7"]
[EventCountry "GER"]
[SourceTitle "playchess.com"]
[Source "ChessBase"]
[SourceQuality "1"]
[TimeControl "40/5400+30:1800+30"]

1. d4 d5 2. Nf3 Nf6 3. c3 Bf5 4. Qb3 Qc8 5. c4 dxc4 6. Qxc4 e6 7. Nc3 Nbd7 8. Nh4 Nb6 9. Qb3 Qd7 10. Nxf5 exf5 11. e3 c6 12. g3 O-O-O 13. a4 Nbd5 14. Nxd5 Qxd5 15. Qxd5 Bb4+ 16. Bd2 Bxd2+ 17. Kxd2 cxd5 18. f3 Kd7 19. Bd3 g6 20. Ra3 Rc8 21. a5 Rc7 22. Rc3 Rhc8 23. Rhc1 a6 24. Rc5 Kd6 25. b4 Nd7 26. Rxc7 Rxc7 27. Rb1 Nb8 28. b5 axb5 29. Rxb5 Nc6 30. Bc2 Rd7 31. Bb3 Ne7 32. Rb6+ Kc7 33. Kc3 Rd6 34. Rb5 b6 35. Kd3 bxa5 36. Rxa5 Kd7 37. Ra7+ Ke8 38. Rb7 h5 39. e4 fxe4+ 40. fxe4 dxe4+ 41. Kxe4 Rf6 42. d5 Nf5 43. Ba4+ Kf8 44. Rb8+ Kg7 45. Bc6 h4 46. Ke5 hxg3 47. hxg3 Nxg3 48. d6 Re6+ 49. Kd5 Nf5 50. Rd8 1/2-1/2

[Event "DLM Youth 2024"]
[Site "Tuebingen"]
[Date "2024.10.04"]
[Round "4"]
[White "Lutz, Ruben"]
[Black "Weihrauch, Jakob"]
[Result "1-0"]
[ECO "A46"]
[WhiteElo "2270"]
[BlackElo "2264"]
[Annotator "RC"]
[PlyCount "53"]
[EventDate "2024.10.03"]
[EventType "team-swiss"]
[EventRounds "7"]
[EventCountry "GER"]
[SourceTitle "playchess.com"]
[Source "ChessBase"]
[SourceQuality "1"]
[TimeControl "40/5400+30:1800+30"]

1. d4 Nf6 2. Nf3 e6 3. Bg5 h6 4. Bxf6 Qxf6 5. e4 d6 6. c3 Nd7 7. Bd3 g6 8. Nbd2 a6 9. O-O Bg7 10. Re1 Qe7 11. a4 b6 12. Qe2 Bb7 13. Nc4 O-O 14. Ne3 c6 15. h4 e5 16. dxe5 Nxe5 17. Nxe5 Bxe5 18. h5 Bg7 19. Qg4 Bc8 20. Qg3 Qe5 21. Qxe5 dxe5 22. Bc4 Kh7 23. Red1 b5 24. Bb3 bxa4 25. Bxa4 c5 26. Bc6 Rb8 27. Nc4 1-0

[Event "DLM Youth 2024"]
[Site "Tuebingen"]
[Date "2024.10.04"]
[Round "4"]
[White "Sydykov, Bayastan"]
[Black "Gallasch, Jonas"]
[Result "1/2-1/2"]
[ECO "B18"]
[WhiteElo "2268"]
[BlackElo "2291"]
[Annotator "RC"]
[PlyCount "40"]
[EventDate "2024.10.03"]
[EventType "team-swiss"]
[EventRounds "7"]
[EventCountry "GER"]
[SourceTitle "playchess.com"]
[Source "ChessBase"]
[SourceQuality "1"]
[TimeControl "40/5400+30:1800+30"]

1. e4 c6 2. d4 d5 3. Nd2 dxe4 4. Nxe4 Bf5 5. Ng3 Bg6 6. Nh3 Nf6 7. Nf4 e5 8. Nxg6 hxg6 9. dxe5 Qa5+ 10. Bd2 Qxe5+ 11. Qe2 Bd6 12. O-O-O Qxe2 13. Bxe2 Nbd7 14. Bf3 O-O-O 15. Ne4 Nxe4 16. Bxe4 Rh4 17. Bf3 Bf4 18. g3 Bxd2+ 19. Rxd2 Rhh8 20. h4 Nf6 1/2-1/2

[Event "DLM Youth 2024"]
[Site "Tuebingen"]
[Date "2024.10.04"]
[Round "4"]
[White "Klaska, Philipp Leon"]
[Black "Baranyai-Molnar, Adam"]
[Result "1/2-1/2"]
[ECO "B40"]
[WhiteElo "2263"]
[BlackElo "2179"]
[Annotator "RC"]
[PlyCount "54"]
[EventDate "2024.10.03"]
[EventType "team-swiss"]
[EventRounds "7"]
[EventCountry "GER"]
[SourceTitle "playchess.com"]
[Source "ChessBase"]
[SourceQuality "1"]
[TimeControl "40/5400+30:1800+30"]

1. e4 c5 2. Nf3 e6 3. g3 d5 4. exd5 exd5 5. d4 Nf6 6. Bg2 Be7 7. O-O O-O 8. Nc3 Nc6 9. dxc5 d4 10. Na4 Bg4 11. b3 Qd7 12. Re1 Rad8 13. Bb2 Qf5 14. Qd3 Rfe8 15. Qxf5 Bxf5 16. Rac1 Bf8 17. Rxe8 Nxe8 18. Nh4 Bg4 19. h3 Be2 20. Bxc6 bxc6 21. Nf5 Bb5 22. Nxd4 Bxa4 23. bxa4 Bxc5 24. Nb3 Bb6 25. a5 Bc7 26. Bd4 a6 27. Bb6 Rb8 1/2-1/2

[Event "DLM Youth 2024"]
[Site "Tuebingen"]
[Date "2024.10.04"]
[Round "4"]
[White "Nechitaylo, Nikita"]
[Black "Uhlmann, Tim"]
[Result "1/2-1/2"]
[ECO "A81"]
[WhiteElo "2252"]
[BlackElo "2067"]
[Annotator "RC"]
[PlyCount "21"]
[EventDate "2024.10.03"]
[EventType "team-swiss"]
[EventRounds "7"]
[EventCountry "GER"]
[SourceTitle "playchess.com"]
[Source "ChessBase"]
[SourceQuality "1"]
[TimeControl "40/5400+30:1800+30"]

1. d4 f5 2. Nf3 Nf6 3. g3 b6 4. Bg2 Bb7 5. b3 e6 6. Bb2 Be7 7. Nbd2 O-O 8. O-O Ne4 9. Nxe4 Bxe4 10. Nd2 Bxg2 11. Kxg2 1/2-1/2

[Event "DLM Youth 2024"]
[Site "Tuebingen"]
[Date "2024.10.04"]
[Round "4"]
[White "Semling, Johannes"]
[Black "Pubantz, Jan"]
[Result "0-1"]
[ECO "A11"]
[WhiteElo "2206"]
[BlackElo "2318"]
[Annotator "RC"]
[PlyCount "118"]
[EventDate "2024.10.03"]
[EventType "team-swiss"]
[EventRounds "7"]
[EventCountry "GER"]
[SourceTitle "playchess.com"]
[Source "ChessBase"]
[SourceQuality "1"]
[TimeControl "40/5400+30:1800+30"]

1. c4 c6 2. Nf3 d5 3. e3 Nf6 4. Nc3 e6 5. b3 Bd6 6. Bb2 O-O 7. Be2 dxc4 8. bxc4 e5 9. Qc2 Re8 10. d4 exd4 11. Nxd4 Na6 12. Rd1 Qc7 13. h3 Bd7 14. O-O Nc5 15. Bf3 Rad8 16. Rd2 Be5 17. Rfd1 Ne6 18. Nxe6 Bxe6 19. Rxd8 Rxd8 20. Rxd8+ Qxd8 21. Ne4 Bxb2 22. Qxb2 Nxe4 23. Bxe4 Qd1+ 24. Kh2 Qd6+ 25. g3 b6 26. Qc2 g6 27. Qa4 c5 28. Kg2 Kg7 29. g4 h5 30. Bf3 Qd3 31. Qxa7 Bxc4 32. Qxb6 Qf1+ 33. Kg3 Qg1+ 34. Kf4 Qh2+ 35. Ke4 Qxh3 36. Qxc5 hxg4 37. Qd4+ Kg8 38. Qxc4 Qxf3+ 39. Kd3 Qd1+ 40. Ke4 Qf3+ 41. Kd3 Qxf2 42. Qxg4 Qxa2 43. Qc8+ Kg7 44. Qc3+ Kh7 45. Ke4 Qf2 46. Qc8 Qf6 47. Kd3 Qf1+ 48. Kd4 Kg7 49. e4 Qf4 50. Kd3 g5 51. Qc3+ Qf6 52. Qc8 Qf3+ 53. Kd4 g4 54. e5 g3 55. Qh3 Qf4+ 56. Kd5 Qg5 57. Qg2 f6 58. Ke4 Qxe5+ 59. Kd3 Kg6 0-1